 Dungeon Crawl Stone Soup version 0.25-a0-589-g1e14c549ee (webtiles) character file.

Game seed: 5376699308104949515, levelgen mode: deterministic

4421 Kohma the Geomancer (level 10, -9/61 HPs)
             Began as a Gargoyle Earth Elementalist on Mar 13, 2020.
             Was a Follower of Ashenzari.
             Mangled by a death yak (17 damage)
             ... on level 7 of the Dungeon.
             The game lasted 00:24:53 (8888 turns).

Kohma the Geomancer (Gargoyle Earth Elementalist)   Turns: 8888, Time: 00:24:54

Health: -9/61      AC: 13    Str: 11    XL:     10   Next: 36%
Magic:  7/19       EV: 17    Int: 20    God:    Ashenzari [*.....]
Gold:   427        SH:  0    Dex: 10    Spells: 6/21 levels left

rFire    . . .     SeeInvis .   C - +2 falchion (elec) (curse)
rCold    + . .     Gourm    .   (no shield)
rNeg     + . .     Faith    .   D - +1 robe {rC+}
rPois    ∞         Spirit   .   z - +0 helmet
rElec    +         Reflect  .   k - +0 cloak
rCorr    .         Harm     .   c - +0 pair of gloves
MR       .....                  (no boots)
Stlth    ++........             (no amulet)
HPRegen  0.20/turn              f - ring of wizardry
MPRegen  0.16/turn              l - +5 ring of evasion

@: no status effects
A: negative energy resistance 1, electricity resistance, unbreathing,
petrification resistance, rot immunity, AC +7
a: Curse Item, Scrying, Renounce Religion


You were on level 7 of the Dungeon.
You worshipped Ashenzari.
Ashenzari was aware of your devotion.
You were near starving.

You visited 2 branches of the dungeon, and saw 9 of its levels.

You collected 427 gold pieces.

Inventory:

Hand Weapons
 a - a +1 whip of venom
 b - a +2 whip of freezing
 x - a +0 hunting sling
 C - a cursed +2 falchion of electrocution (weapon)
 E - a +2 whip of pain
Missiles
 g - 42 sling bullets
 n - 6 curare-tipped darts (quivered)
 o - 44 poisoned darts
 r - 336 stones
 L - a throwing net
Armour
 c - a +0 pair of gloves (worn)
 k - a +0 cloak (worn)
 z - a +0 helmet (worn)
 D - a +1 robe of cold resistance (worn)
 I - a +0 buckler
Magical Staves
 F - an uncursed staff of poison
Jewellery
 f - a ring of wizardry (left hand)
 l - a +5 ring of evasion (right hand)
 u - an uncursed ring of resist corrosion
Wands
 y - a wand of disintegration (10)
 J - a wand of clouds (5)
Scrolls
 e - 2 scrolls of remove curse
 q - a scroll of amnesia
 w - a scroll of teleportation
 A - a scroll of fog
 G - a scroll of enchant armour
 K - a scroll of blinking
Potions
 h - 2 potions of invisibility
 i - a potion of ambrosia
 j - 5 potions of flight
 m - a potion of stabbing
 p - 4 potions of heal wounds
 s - 3 potions of curing
 t - a potion of lignification
 v - a potion of haste {unknown}
 B - 3 potions of mutation
Comestibles
 d - 10 rations


   Skills:
 + Level 6.4 Fighting
 + Level 4.8 Long Blades
 - Level 3.0 Dodging
 - Level 2.1 Stealth
 - Level 5.3 Shields
 - Level 6.0 Spellcasting
 - Level 4.2 Conjurations
 - Level 0.7 Transmutations
 - Level 10.0 Earth Magic


You had 6 spell levels left.
You knew the following spells:

 Your Spells              Type           Power        Failure   Level  Hunger
a - Sandblast             Erth           #####.       1%          1    None
b - Passwall              Tmut/Erth      ####....     1%          2    None
c - Stone Arrow           Conj/Erth      ####..       1%          3    ##.....
d - Lee's Rapid Deconstr  Erth           #####.....   1%          5    #####..
e - Petrify               Tmut/Erth      ####....     4%          4    ####...

Your spell library contained the following spells:

 Spells                   Type           Power        Failure   Level  Hunger


Dungeon Overview and Level Annotations

Branches:
Dungeon (8/15)             Temple (1/1) D:5
   Lair: D:8-11

Altars:
Ashenzari
Cheibriados
Dithmenos
Elyvilon
Fedhas
Gozag
Hepliaklqana
Kikubaaqudgha
Makhleb
Nemelex Xobeh
Okawaru
Qazlal
Ru
Sif Muna
Trog
Uskayaw
Vehumet
Wu Jian
Xom
Yredelemnul
Zin
The Shining One

Shops:
D:8 %


Innate Abilities, Weirdness & Mutations

You are resistant to torment.
Your stone body is resilient. (AC +7)
You are immune to poison.
You resist negative energy. (rN+)
You are resistant to electric shocks. (rElec)
You can survive without breathing.
You are immune to petrification.
You are immune to rotting.


Message History

* * * LOW HITPOINT WARNING * * *
Casting: Sandblast (safe; 1% risk of failure)
Confirm with . or Enter, or press ? or * to list all spells.
Aiming: Sandblast (safe; 1% risk of failure)
Press: ? - help, Shift-Dir - straight line, f/p - death yak
Aim: a death yak (heavily wounded)
The blast of sand hits the death yak!!
The death yak is almost dead.
r - 337 stones The death yak gores you but does no damage.
Casting: Sandblast (safe; 1% risk of failure)
Confirm with . or Enter, or press ? or * to list all spells.
Aiming: Sandblast (safe; 1% risk of failure)
Press: ? - help, Shift-Dir - straight line, f/p - death yak
Aim: a death yak (almost dead)
The blast of sand hits the death yak!
The death yak is almost dead.
r - 336 stones The death yak gores you!
You die...

.#.....# #...#...........#
.'.....# #...#...........#
.#.....########..#...........#
##............#..#...........#
#............#..#...........#
######.......#..#...........#
#...'.......+..#...........#
###...#.......#..#...........#
......#.......#.@Y....########
......#...............#
####..#...............#
.###..#.......#.._....#
......#.......#.......#
......#.......#.......#
......#.......#..#....#
.###..#.......#..#....#
####..#.......#..#....#


You could see a death yak.

Vanquished Creatures
  A two-headed ogre (D:8)
  A death yak (D:8)
  Pikel (D:3)
  2 hippogriffs (D:7)
  Sigmund (D:5)
  A yak (D:8)
  2 sky beasts
  An ice beast (D:6)
  2 ogres
  A necrophage (D:8)
  A centaur (D:6)
  Blork the orc (D:5)
  A big kobold (D:8)
  4 bullfrogs (D:6)
  A scorpion (D:4)
  3 jellies
  A howler monkey (D:7)
  2 crimson imps (D:5)
  2 hounds
  3 orc priests
  A bullfrog skeleton (D:7)
  A centaur skeleton (D:6)
  5 orc wizards
  2 iguanas
  7 worker ants
  A hound skeleton (D:5)
  2 worker ant zombies (D:5)
  7 adders
  A shadow imp (D:8)
  An ooze (D:1)
  An adder zombie (D:5)
  4 adder skeletons
  2 worms (D:2)
  A dart slug (D:1)
  3 leopard geckos
  17 orcs
  8 bats
  15 giant cockroaches
  13 goblins
  8 hobgoblins
  11 jackals
  11 kobolds
  2 quokkas
  2 ball pythons
  3 frilled lizards
  3 leopard gecko skeletons
  A quokka skeleton (D:6)
  6 rats
171 creatures vanquished.

Vanquished Creatures (others)
  An orc wizard (D:4)
  3 orcs (D:4)
4 creatures vanquished.

Grand Total: 175 creatures vanquished

Notes
Turn   | Place    | Note
-------+----------+-------------------------------------------
     0 | D:1      | Kohma the Gargoyle Earth Elementalist began the quest for
                  | the Orb.
     0 | D:1      | Reached XP level 1. HP: 10/10 MP: 3/3
   138 | D:1      | Reached skill level 4 in Earth Magic
   153 | D:1      | Reached XP level 2. HP: 14/15 MP: 5/5
   578 | D:1      | Reached XP level 3. HP: 13/19 MP: 2/6
   690 | D:1      | Learned a level 2 spell: Passwall
   694 | D:1      | Learned a level 3 spell: Stone Arrow
  1237 | D:2      | Reached skill level 5 in Earth Magic
  1402 | D:2      | Reached XP level 4. HP: 13/24 MP: 5/7
  1754 | D:2      | Found a faded altar of an unknown god.
  1906 | D:2      | Reached skill level 1 in Conjurations
  2664 | D:4      | Reached XP level 5. HP: 25/28 MP: 9/9
  2702 | D:4      | Noticed a slave
  2704 | D:4      | Noticed a slave
  2929 | D:4      | Noticed Pikel
  2931 | D:4      | Noticed a slave
  2932 | D:4      | Noticed a slave
  2985 | D:3      | Killed Pikel
  2985 | D:3      | Reached skill level 7 in Earth Magic
  2985 | D:3      | Reached XP level 6. HP: 11/32 MP: 0/12
  2985 | D:3      | Reached XP level 7. HP: 12/36 MP: 0/13
  3928 | D:5      | Entered Level 5 of the Dungeon
  3952 | D:5      | Learned a level 5 spell: Lee's Rapid Deconstruction
  3957 | D:5      | Learned a level 4 spell: Petrify
  4045 | D:5      | Reached skill level 5 in Spellcasting
  4045 | D:5      | Reached XP level 8. HP: 41/41 MP: 5/15
  4075 | D:5      | Noticed Blork the orc
  4079 | D:5      | Noticed Sigmund
  4219 | D:5      | Found a staircase to the Ecumenical Temple.
  4226 | Temple   | Entered the Ecumenical Temple
  4248 | Temple   | Became a worshipper of Ashenzari the Shackled
  4345 | D:4      | Reached skill level 8 in Earth Magic
  4546 | D:5      | Killed Blork the orc
  4748 | D:5      | Killed Sigmund
  4752 | D:5      | Reached skill level 9 in Earth Magic
  5495 | D:6      | Got the quarterstaff of Certain Death {venom, Fragile rC+
                  | Int+3}
  5620 | D:6      | Reached skill level 1 in Fighting
  5867 | D:6      | Reached XP level 9. HP: 42/48 MP: 8/18
  6148 | D:6      | Reached skill level 10 in Earth Magic
  6388 | D:6      | Reached skill level 1 in Long Blades
  6606 | D:7      | Found a hide-covered altar of Uskayaw.
  6811 | D:7      | Reached skill level 1 in Shields
  7667 | D:8      | Found Rufek's Food Shop.
  7713 | D:8      | Identified the +10 great mace of Purakalyna {vorpal, MR-
                  | Str+2 Dex+4}
  7947 | D:8      | Reached * piety under Ashenzari
  7958 | D:8      | Noticed a two-headed ogre
  7967 | D:8      | Killed a two-headed ogre
  7967 | D:8      | Reached skill level 5 in Fighting
  7967 | D:8      | Reached skill level 5 in Shields
  7967 | D:8      | Reached XP level 10. HP: 31/59 MP: 2/19
  7972 | D:8      | Noticed a death yak
  7974 | D:8      | Noticed a death yak
  8533 | D:8      | Noticed a death yak
  8643 | D:8      | Killed a death yak
  8854 | D:8      | Noticed a death yak
  8856 | D:8      | Noticed a death yak
  8888 | D:7      | Mangled by a death yak

Levels and vault maps discovered:
D:1:      doesnt_arrival_eight_statues, layout_rooms, lemuel_another_geyser
D:2:      layout_rooms, chequers_ecumenical_altar_simple_redux
D:3:      minmay_roachtagon, layout_basic, first_ration
D:4:      layout_cave_pools, kennysheep_crisscross, st_stairs_6,
          small_statue_alley_b, uniq_pikel
D:5:      minmay_general_purpose_star, layout_cave_pools,
          minmay_temple_entry_gardened_gates, uniq_blork_the_orc, uniq_sigmund
D:6:      layout_cave_pods, ebering_dispersal_statue_hall,
          hangedman_minor_gate_pass
D:7:      layout_gridville, basic_altar
D:8:      layout_loops_ring, dpeg_lair_monsters, serial_shops, shop,
          grunt_pizzeria
Temple:   grunt_wide_crystal_templ

Skill      XL: |  1  2  3  4  5  6  7  8  9 10 |
---------------+-------------------------------+-----
Earth Magic    | 4 5 7 9 10 | 10.0
Conjurations   | 1 4 |  4.2
Spellcasting   | 4 5 6 |  6.0
Fighting       | 2 5 6 |  6.4
Dodging        | 2 3 |  3.0
Long Blades    | 3 4 |  4.8
Shields        | 5 |  5.3
Stealth        | |  2.1
Transmutations | |  0.7

Action                   |  1- 3 |  4- 6 |  7- 9 | 10-12 || total
-------------------------+-------+-------+-------+-------++-------
Melee: Unarmed           |     8 |       |       |       ||     8
       Dagger            |    18 |       |       |       ||    18
       Whip              |    52 |   136 |   155 |       ||   343
       Falchion          |       |       |    62 |     7 ||    69
Throw: Dart              |    55 |       |       |       ||    55
       Stone             |     4 |       |       |       ||     4
 Cast: Sandblast         |     8 |    10 |    18 |    21 ||    57
       Stone Arrow       |     2 |     5 |    79 |    13 ||    99
       Passwall          |       |     1 |       |       ||     1
       Lee's Rapid Decon |       |       |       |     3 ||     3
Invok: Curse Item        |       |       |     1 |       ||     1
  Use: Scroll            |       |       |    18 |     3 ||    21
       Potion            |       |       |     1 |       ||     1
 Stab: Sleeping          |     1 |     1 |     2 |     1 ||     5
  Eat: Chunk             |     2 |     6 |    19 |     2 ||    29
Armor: Robe              |    43 |    59 |    98 |    16 ||   216
Dodge: Dodged            |    69 |   108 |   169 |    26 ||   372
       Rpst.: Falchion   |       |       |    14 |     9 ||    23

Table legend:
 A = Non-vault XP
 B = Vault XP
 C = Vault XP percentage of total XP
 D = Non-vault monster count
 E = Vault monster count
 F = Vault count percentage of total count
                 A         B        C        D         E       F
            +---------+---------+-------+---------+---------+-------
      Total |    3993 |    2324 |  36.8 |     145 |      26 |  15.2
            +---------+---------+-------+---------+---------+-------
        D:1 |      52 |       0 |   0.0 |      26 |       0 |   0.0
        D:2 |      59 |       0 |   0.0 |      17 |       0 |   0.0
        D:3 |      30 |     707 |  95.9 |      16 |      12 |  42.9
        D:4 |     415 |      35 |   7.8 |      19 |       2 |   9.5
        D:5 |     336 |     411 |  55.0 |      18 |       5 |  21.7
        D:6 |     823 |     125 |  13.2 |      16 |       5 |  23.8
        D:7 |     791 |       0 |   0.0 |      13 |       0 |   0.0
        D:8 |    1487 |    1046 |  41.3 |      20 |       2 |   9.1
            +---------+---------+-------+---------+---------+-------
